 Dungeon Sprint DCSS version 0.18-a0-1788-g92de1ac (webtiles) character file.

14918 Kidiri the Tortoise (level 12, -10/86 HPs)
             Began as a Gargoyle Fighter on Apr 19, 2016.
             Was a High Priest of Okawaru.
             Mangled by a stone giant (16 damage)
             ... in the Dungeon (Sprint IX: "|||||||||||||||||||||||||||||").
             The game lasted 02:39:01 (2261 turns).

Kidiri the Tortoise (Gargoyle Fighter)              Turns: 2261, Time: 02:39:01

Health: -10/86     AC: 36    Str: 20    XL:     12   Next: 21%
Magic:  18/19      EV: 14    Int:  8    God:    Okawaru [*****.]
Gold:   1272       SH: 16    Dex: 13    Spells: 0 memorised, 11 levels left

rFire  . . .     SeeInvis +     a - +2 morningstar (drain)
rCold  . . .     Gourm    .     G - +0 plate armour
rNeg   + . .     Faith    .     c - +0 shield
rPois  ∞         Spirit   .     D - +0 helmet
rElec  +         Dismiss  .     y - +0 cloak
rCorr  +         Reflect  .     E - -1 pair of gloves of Satisfaction {+Fly rCorr Int-5 SInv}
SustAt .         Harm     .     p - +0 pair of boots
MR     .....     NoTele   +     (no amulet)
Stlth  ..........               s - +2 ring of protection
                                q - +3 ring of intelligence

@: heroism, not resistant to hostile enchantments, extremely unstealthy
A: negative energy resistance 1, electricity resistance, unbreathing,
petrification resistance, rot immunity, AC +8
a: Heroism, Finesse, Renounce Religion, Evoke Flight


You were in the Dungeon.
You worshipped Okawaru.
Okawaru was extremely pleased with you.
You were hungry.

You visited 1 branch You collected 1272 gold pieces.

Inventory:

Hand Weapons
 a - a +2 morningstar of draining (weapon)
 w - a +2 flail of holy wrath
Missiles
 B - a javelin (quivered)
 F - 7 tomahawks
Armour
 c - a +0 shield (worn)
 p - a +0 pair of boots (worn)
 y - a +0 cloak (worn)
 D - a +0 helmet (worn)
 E - the -1 pair of gloves of Satisfaction (worn) {+Fly rCorr Int-5 SInv}
   (Okawaru gifted it to you in the Dungeon)

   It affects your intelligence (-5).
   It lets you see invisible.
   It lets you fly.
   It protects you from acid and corrosion.
 G - a +0 plate armour (worn)
Jewellery
 q - a +3 ring of intelligence (left hand)
 s - a +2 ring of protection (right hand)
Wands
 o - a wand of acid (4/15)
 C - a wand of teleportation (5/9)
Scrolls
 k - 2 scrolls of blinking
 l - a scroll of fog
 m - 3 scrolls of remove curse
 n - 2 scrolls of amnesia
 t - 2 scrolls of identify
 u - 2 scrolls of recharging
Potions
 d - 2 potions of berserk rage
 e - 4 potions of curing
 f - a potion of cure mutation
 g - a potion of invisibility
 h - 2 potions of haste
 i - 4 potions of magic
 j - 6 potions of heal wounds
Comestibles
 x - 44 fruits
 z - 13 meat rations
 A - 12 bread rations


   Skills:
 * Level 14.9(19.9) Fighting
 + Level 10.3(15.3) Maces & Flails
 * Level 15.0(20.0) Armour
 * Level 11.6(16.6) Dodging
 * Level 14.9(19.9) Shields
 + Level 10.3 Invocations


You had 11 spell levels left.
You didn't know any spells.

Dungeon Overview and Level Annotations

Branches:
Dungeon (1/1)

Altars:
Cheibriados
Dithmenos
Elyvilon
Fedhas
Gozag
Kikubaaqudgha
Makhleb
Nemelex Xobeh
Okawaru
Pakellas
Qazlal
Ru
Sif Muna
Trog
Vehumet
Xom
Yredelemnul
Zin
The Shining One
Beogh
Jiyva
Lugonu

Shops:
D ((!}


Innate Abilities, Weirdness & Mutations

You are resistant to torment.
Your stone body is resilient (AC +8).
You are immune to poison.
You resist negative energy.
You are resistant to electric shocks.
You can survive without breathing.
You are immune to petrification.
You are immune to rotting.


Message History

Unknown command.
You hit the stone giant.
The stone giant is severely wounded.
The stone giant hits you!
* * * LOW HITPOINT WARNING * * *
Unknown command.
Your plate armour prevents you from hitting the stone giant.
The stone giant is severely wounded.
The ogre mage casts a spell at the ogre mage.
The ogre mage seems to speed up.
The stone giant hits you!!
* * * LOW HITPOINT WARNING * * *
You hit the stone giant but do no damage.
The stone giant is severely wounded.
You sock the stone giant! You drain the stone giant!
The stone giant is almost dead.
The stone giant hits you but does no damage.
You sock the stone giant! You drain the stone giant!
The stone giant is almost dead.
The stone giant hits you!
You die...

▓.▓.▓.▓)▓
▓(▓.▓'▓.▓.▓
▓$▓.▓.▓.▓.▓
▓O▓.▓.▓.▓.▓
▓O▓.▓.▓.▓.▓
▓O▓.▓(▓.▓(▓
▓T▓.▓.▓.▓'▓
▓C▓.▓.▓.▓.▓
▓@▓.▓.▓.▓.▓
▓∩▓.▓.▓.▓[▓
▓$▓.▓.▓.▓.▓
▓)▓.▓÷▓.▓.▓
▓)▓.▓%▓.▓)▓
▓$▓.▓.▓.▓|▓
▓)▓.▓'▓.▓.▓
▓)▓.▓.▓.▓.▓
▓.▓.▓.▓.▓'▓


You could see a stone giant, 3 ogre magi and a deep troll.

Vanquished Creatures
  A hydra (D)
  2 catoblepae (D)
  2 centaur warriors (D)
  3 ogre magi (D)
  3 death yaks (D)
  Urug (D)
  2 deep trolls (D)
  3 hill giants (D)
  An orc sorcerer (D)
  An elephant (D)
  Psyche (D)
  A spiny frog (D)
  A komodo dragon (D)
  2 blink frogs (D)
  A wyvern (D)
  3 yaks (D)
  3 hippogriffs (D)
  A hungry ghost (D)
  2 porcupines (D)
  9 orc warriors (D)
  A water moccasin (D)
  An ice beast (D)
  An ogre (D)
  A wolf (D)
  A crocodile (D)
  A giant frog (D)
  A killer bee (D)
  4 orc priests (D)
  6 orc wizards (D)
  A worker ant (D)
  An adder (D)
  2 river rats (D)
  9 orcs (D)
  A bat (D)
  A bat skeleton (D)
  A giant cockroach (D)
  A goblin (D)
  A giant gecko skeleton (D)
  3 kobolds (D)
  A quokka skeleton (D)
82 creatures vanquished.

Vanquished Creatures (others)
  An unseen horror (D)
1 creature vanquished.

Grand Total: 83 creatures vanquished

Notes
Turn   | Place    | Note
--------------------------------------------------------------
     0 | D        | Kidiri the Gargoyle Fighter began the quest for the Orb.
     0 | D        | Reached XP level 1. HP: 14/14 MP: 1/1
    21 | D        | Reached skill level 1 in Dodging
   103 | D        | Noticed an ogre
   103 | D        | Noticed a worker ant
   112 | D        | Reached XP level 2. HP: 18/19 MP: 2/2
   114 | D        | Reached skill level 4 in Armour
   133 | D        | Reached XP level 3. HP: 24/24 MP: 3/3
   139 | D        | Killed an ogre
   139 | D        | Reached skill level 5 in Fighting
   139 | D        | Reached skill level 5 in Armour
   139 | D        | Reached skill level 5 in Shields
   139 | D        | Reached XP level 4. HP: 31/31 MP: 4/4
   182 | D        | Found a glowing silver altar of Zin.
   182 | D        | Found a glowing golden altar of the Shining One.
   182 | D        | Found an ancient bone altar of Kikubaaqudgha.
   182 | D        | Found a basalt altar of Yredelemnul.
   182 | D        | Found a shimmering altar of Xom.
   182 | D        | Found a radiant altar of Vehumet.
   183 | D        | Found an iron altar of Okawaru.
   184 | D        | Found a burning altar of Makhleb.
   185 | D        | Found a deep blue altar of Sif Muna.
   186 | D        | Found a bloodstained altar of Trog.
   187 | D        | Found a sparkling altar of Nemelex Xobeh.
   188 | D        | Found a white marble altar of Elyvilon.
   189 | D        | Found a roughly hewn altar of Beogh.
   190 | D        | Found a viscous altar of Jiyva.
   191 | D        | Found a corrupted altar of Lugonu.
   192 | D        | Found a blossoming altar of Fedhas.
   193 | D        | Found a snail-covered altar of Cheibriados.
   197 | D        | Became a worshipper of Warmaster Okawaru
   201 | D        | Found a shadowy altar of Dithmenos.
   202 | D        | Found a stormy altar of Qazlal.
   203 | D        | Found an opulent altar of Gozag.
   204 | D        | Found a sacrificial altar of Ru.
   205 | D        | Found an oddly glowing altar of Pakellas.
   360 | D        | Noticed a hungry ghost
   378 | D        | Killed a hungry ghost
   378 | D        | Reached skill level 7 in Armour
   378 | D        | Reached XP level 5. HP: 37/37 MP: 4/6
   378 | D        | Reached XP level 6. HP: 42/42 MP: 4/7
   421 | D        | Noticed an ice beast
   421 | D        | Noticed a centaur warrior
   421 | D        | Noticed a centaur warrior
   581 | D        | Killed an unseen horror
   600 | D        | Killed a centaur warrior
   600 | D        | Reached * piety under Okawaru
   600 | D        | Reached ** piety under Okawaru
   600 | D        | Reached skill level 9 in Armour
   600 | D        | Reached XP level 7. HP: 32/51 MP: 7/10
   600 | D        | Reached XP level 8. HP: 35/56 MP: 7/11
   607 | D        | Killed a centaur warrior
   607 | D        | Reached skill level 10 in Fighting
   607 | D        | Reached skill level 10 in Armour
   607 | D        | Reached skill level 10 in Shields
   607 | D        | Reached skill level 5 in Invocations
   626 | D        | Reached *** piety under Okawaru
   626 | D        | Reached XP level 9. HP: 24/62 MP: 11/13
   935 | D        | Noticed a komodo dragon
   950 | D        | Reached skill level 11 in Armour
   954 | D        | Killed a komodo dragon
  1146 | D        | Noticed a seven-headed hydra
  1146 | D        | Noticed an elephant
  1151 | D        | Killed an elephant
  1151 | D        | Reached **** piety under Okawaru
  1157 | D        | Noticed a spiny frog
  1164 | D        | Killed a seven-headed hydra
  1164 | D        | Reached XP level 10. HP: 40/71 MP: 15/15
  1165 | D        | Reached skill level 12 in Armour
  1176 | D        | Reached ***** piety under Okawaru
  1197 | D        | Killed a spiny frog
  1310 | D        | Noticed a catoblepas
  1310 | D        | Noticed a death yak
  1310 | D        | Noticed a death yak
  1310 | D        | Noticed a catoblepas
  1311 | D        | Noticed a death yak
  1328 | D        | Killed a death yak
  1340 | D        | Killed a catoblepas
  1342 | D        | Killed a catoblepas
  1342 | D        | Reached skill level 13 in Armour
  1342 | D        | Reached skill level 10 in Dodging
  1342 | D        | Reached XP level 11. HP: 72/77 MP: 10/17
  1346 | D        | Killed a death yak
  1351 | D        | Received a gift from Okawaru
  1363 | D        | Killed a death yak
  1457 | D        | Noticed Urug
  1478 | D        | Killed Urug
  1536 | D        | Noticed Psyche
  1543 | D        | Killed Psyche
  1923 | D        | Noticed an orc sorcerer
  1930 | D        | Noticed a sun demon
  1957 | D        | Killed an orc sorcerer
  1957 | D        | Reached skill level 14 in Armour
  1981 | D        | Received a gift from Okawaru
  2002 | D        | Got a pair of encrusted gloves {god gift}
  2013 | D        | Identified the -1 pair of gloves of Satisfaction {+Fly rCorr Int-5 SInv} (Okawaru gifted it to you in the Dungeon)
  2187 | D        | Found Larhitry's Gadget Boutique.
  2187 | D        | Noticed a deep troll
  2187 | D        | Noticed an ogre mage
  2187 | D        | Noticed a deep troll
  2187 | D        | Noticed an ogre mage
  2187 | D        | Noticed a hill giant
  2189 | D        | Noticed an ogre mage
  2191 | D        | Noticed a hill giant
  2196 | D        | Killed a hill giant
  2204 | D        | Killed an ogre mage
  2205 | D        | Found Teufy's Distillery.
  2210 | D        | Killed a deep troll
  2218 | D        | Killed an ogre mage
  2218 | D        | Reached skill level 10 in Maces & Flails
  2223 | D        | Killed a deep troll
  2223 | D        | Reached skill level 10 in Invocations
  2223 | D        | Reached XP level 12. HP: 79/86 MP: 14/19
  2230 | D        | Found Raxtehed's Weapon Boutique.
  2232 | D        | Found Qiwnu's Weapon Shop.
  2245 | D        | Killed an ogre mage
  2245 | D        | Reached skill level 15 in Armour
  2246 | D        | Noticed a stone giant
  2250 | D        | Noticed an ogre mage
  2253 | D        | Noticed an ogre mage
  2256 | D        | Noticed an ogre mage
  2261 | D        | Mangled by a stone giant

Vault maps used:
D:        linesprint

Skill      XL: |  1  2  3  4  5  6  7  8  9 10 11 12 |
---------------+-------------------------------------+-----
Dodging        | 1 2 3 4 6 7 8 10 11 | 11.6
Armour         | 4 5 7 9 10 11 13 14 15 | 15.0
Fighting       | 4 5 6 9 10 11 12 14 | 14.9
Maces & Flails | 3 4 6 8 10 | 10.3
Shields        | 4 5 7 9 10 11 13 14 | 14.9
Invocations    | 2 4 5 7 8 10 | 10.3

Action                   |  1- 3 |  4- 6 |  7- 9 | 10-12 || total
-------------------------+-------+-------+-------+-------++-------
Melee: Flail             |    50 |       |       |       ||    50
       Morningstar       |       |    44 |    87 |   254 ||   385
Throw: Javelin           |       |       |       |    19 ||    19
Invok: Heroism           |       |       |     2 |     9 ||    11
       Finesse           |       |       |       |     5 ||     5
Evoke: Wand              |       |       |       |     3 ||     3
  Use: Potion            |     2 |     1 |       |     1 ||     4
  Eat: Bread ration      |       |     1 |       |       ||     1
       Chunk             |       |     3 |     2 |     4 ||     9
Armor: Scale mail        |    18 |       |       |       ||    18
       Chain mail        |       |    44 |    54 |    27 ||   125
       Plate armour      |       |       |       |    10 ||    10
Dodge: Dodged            |    11 |    16 |    40 |    40 ||   107
Block: Shield            |    28 |    27 |    68 |    79 ||   202
